 Dungeon Crawl Stone Soup version 0.27-a0-1149-g4505690ab0 (webtiles) character file.

Game seed: 4317896706733518961

1644840 AtomicRavioli the Sorcerer (level 27, 222/222 HPs)
             Began as a Naga Ice Elementalist on May 12, 2021.
             Was an Initiate of Gozag.
             Escaped with the Orb
             ... and 3 runes on May 13, 2021!
             The game lasted 04:40:47 (79508 turns).

AtomicRavioli the Sorcerer (Naga Ice Elementalist) Turns: 79508, Time: 04:40:48

Health: 222/222    AC: 46    Str: 30    XL:     27
Magic:  19/57      EV: 14    Int: 40    God:    Gozag
Gold:   14099      SH: 30    Dex: 13    Spells: 18/76 levels left

rFire    + . .     SeeInvis +   S - +8 eveningstar of Wesaaji {elec, rPois Int+5}
rCold    + . .     Faith    .   b - +8 tower shield
rNeg     + . .     Spirit   +   x - +9 ring mail of Asuazitt {Dex+2 Slay+3 SInv}
rPois    +         Reflect  .   O - +1 helmet of Bitterness {Str+7}
rElec    +         Harm     .   l - +2 cloak {rCorr}
rCorr    +         Rampage  .   E - +2 pair of gloves {Str+3}
Will     ++++.     Rnd*Rage +   u - +10 Black Knight's barding {ponderous, rPois rN+}
Stlth    ++........             t - amulet "Moithrunk" {Spirit rElec Will+ Regen+ Int+2}
HPRegen  1.47/turn              g - ring of the Persimmons {rF+ rC+ EV+4 Int+7 SInv}
MPRegen  0.35/turn              r - ring "Zauget" {Wiz Contam rCorr Int+8 Dex-2}

@: studying Hexes, very slow
A: AC +9, large, see invisible, deformed body, poison resistance, slowness 2,
spit poison 1, naga tail 2, berserk 1, frail 1, high mp 1, subdued magic 2
0: Orb of Zot
}: 3/15 runes: decaying, serpentine, silver
a: Spit Poison, Renounce Religion, Potion Petition, Call Merchant, Bribe Branch


You escaped.
You worshipped Gozag.
Gozag was extremely pleased with you.
You visited 10 branches of the dungeon, and saw 50 of its levels.
You visited 1 bazaar.
You also visited: Ice Cave and Desolation.

You collected 30772 gold pieces.
You spent 6253 gold pieces at shops.
You paid 10420 gold pieces to Gozag.

Inventory:

Hand Weapons
 o - a +9 morningstar of holy wrath
 S - the +8 eveningstar of Wesaaji (weapon) {elec, rPois Int+5}
   (You acquired it on level 4 of the Depths)

   Occasionally, upon striking a foe, it can discharge electrical energy and
   cause terrible harm.
   It affects your intelligence (+5).
   It protects you from poison.
Missiles
 i - 6 atropa-tipped darts
 y - 17 silver javelins
 F - 7 throwing nets
Armour
 b - a +8 tower shield (worn)
 l - a +2 cloak of preservation (worn)
 u - the +10 Black Knight's barding (worn) {ponderous, rPois rN+}
   (You found it on level 5 of the Dungeon)

   It protects you from poison.
   It protects you from negative energy.
 x - the +9 ring mail of Asuazitt (worn) {Dex+2 Slay+3 SInv}
   (You found it on level 5 of the Dungeon)

   It affects your dexterity (+2).
   It affects your accuracy and damage with ranged weapons and melee attacks
   (+3).
   It lets you see invisible.
 E - a +2 pair of gloves of strength (worn)
 O - the +1 helmet of Bitterness (worn) {Str+7}
   (You found it on level 2 of the Elven Halls)

   It affects your strength (+7).
Jewellery
 d - a ring of positive energy
 g - the ring of the Persimmons (left hand) {rF+ rC+ EV+4 Int+7 SInv}
   (You found it in the Desolation of Salt)

   [ring of evasion]

   It affects your evasion (+4).
   It affects your intelligence (+7).
   It protects you from fire.
   It protects you from cold.
   It lets you see invisible.
 r - the ring "Zauget" (right hand) {Wiz Contam rCorr Int+8 Dex-2}
   (You bought it in a shop on level 13 of the Dungeon)

   [ring of wizardry]

   It improves your spell success rate.
   It affects your intelligence (+8).
   It affects your dexterity (-2).
   It causes magical contamination when unequipped.
   It protects you from acid and corrosion.
 t - the amulet "Moithrunk" (around neck) {Spirit rElec Will+ Regen+ Int+2}
   (You found it in the Desolation of Salt)

   [amulet of guardian spirit]

   It causes incoming damage to be divided between your reserves of health and
   magic.
   It affects your intelligence (+2).
   It insulates you from electricity.
   It increases your rate of health regeneration.
   It increases your willpower.
 C - a ring of willpower
Wands
 j - a wand of paralysis (36)
 v - a wand of flame (152)
 B - a wand of polymorph (51)
 D - a wand of mindburst (56)
 G - a wand of iceblast (82)
 H - a wand of digging (12)
 J - a wand of charming (14)
 N - a wand of acid (62)
Scrolls
 e - 25 scrolls of identify
 f - a scroll of summoning
 m - 13 scrolls of fog
 p - 25 scrolls of teleportation
 q - 15 scrolls of magic mapping
 s - 8 scrolls of blinking
 w - 9 scrolls of amnesia
 z - 3 scrolls of brand weapon
 Q - 3 scrolls of silence
 T - a scroll of enchant weapon
 U - 3 scrolls of fear
 W - a scroll of enchant armour
Potions
 a - 8 potions of resistance
 c - 6 potions of haste
 h - 7 potions of ambrosia
 k - 6 potions of brilliance
 n - 12 potions of curing
 A - 11 potions of might
 I - 3 potions of cancellation
 K - 5 potions of mutation
 L - 4 potions of flight
 P - 2 potions of magic
 R - a potion of berserk rage
 V - 3 potions of heal wounds
Miscellaneous
 M - a phantom mirror


   Skills:
 * Level 14.9 Fighting
 - Level 16.0 Maces & Flails
 + Level 6.7 Armour
 + Level 7.9 Dodging
 + Level 15.8 Stealth
 + Level 15.0 Shields
 * Level 25.4 Spellcasting
 + Level 6.9 Conjurations
 + Level 7.2 Hexes
 + Level 6.6 Summonings
 * Level 10.0 Necromancy
 + Level 1.6 Translocations
 + Level 23.3 Ice Magic
 + Level 6.0 Air Magic
 + Level 9.0 Evocations


You had 18 spell levels left.
You knew the following spells:

 Your Spells              Type           Power      Damage    Failure   Level
a - Freezing Cloud        Conj/Ice/Air   37%        6-21      1%          6
b - Frozen Ramparts       Ice            100%       1d12      0%          3
c - Ozocubu's Armour      Ice            99%        N/A       0%          3
d - Hailstorm             Conj/Ice       82%        3d17      0%          4
e - Metabolic Englaciati  Hex/Ice        41%        N/A       0%          5
f - Dazzling Flash        Conj/Hex       100%       N/A       0%          3
g - Iskenderun's Mystic   Conj/Tloc      52%        2d11      1%          4
h - Ozocubu's Refrigerat  Ice            49%        4d14      0%          7
i - Absolute Zero         Ice            49%        ∞         1%          9
j - Summon Mana Viper     Hex/Summ       60%        N/A       1%          5
k - Spellforged Servitor  Conj/Summ      30%        N/A       8%          7
l - Sublimation of Blood  Necr           35%        N/A       0%          2

Your spell library contained the following spells:

 Spells                   Type           Power      Damage    Failure   Level
 Animate Skeleton         Necr           100%       N/A       0%          1
 Corona                   Hex            67%        N/A       0%          1
 Freeze                   Ice            100%       1d11      0%          1
 Magic Dart               Conj           100%       1d8       0%          1
 Pain                     Necr           100%       1d9       0%          1
 Shock                    Conj/Air       100%       1d9       0%          1
 Summon Small Mammal      Summ           100%       N/A       0%          1
 Call Imp                 Summ           60%        N/A       0%          2
 Corpse Rot               Necr/Air       N/A        N/A       0%          2
 Ensorcelled Hibernation  Hex/Ice        100%       N/A       0%          2
 Searing Ray              Conj           100%       3d7       0%          2
 Slow                     Hex            61%        N/A       0%          2
 Static Discharge         Conj/Air       59%        N/A       0%          2
 Call Canine Familiar     Summ           60%        N/A       0%          3
 Confusing Touch          Hex            61%        N/A       0%          3
 Summon Guardian Golem    Hex/Summ       60%        N/A       0%          3
 Tukima's Dance           Hex            61%        N/A       0%          3
 Vampiric Draining        Necr           35%        2d11      0%          3
 Animate Dead             Necr           35%        N/A       0%          4
 Dispel Undead            Necr           70%        3d24      0%          4
 Ice Form                 Ice/Tmut       74%        N/A       0%          4
 Summon Ice Beast         Ice/Summ       82%        N/A       0%          4
 Simulacrum               Ice/Necr       43%        N/A       0%          6
 Beastly Appendage        Tmut           62%        N/A       1%          1
 Foxfire                  Conj/Fire      100%       2x1d9     1%          1
 Sandblast                Erth           62%        2d14      1%          1
 Sting                    Tmut/Pois      100%       1d8       1%          1
 Passwall                 Tmut/Erth      25%        N/A       1%          2
 Poisonous Vapours        Pois/Air       92%        N/A       1%          2
 Wereblood                Tmut           31%        N/A       1%          2
 Conjure Flame            Conj/Fire      49%        6-21      1%          3
 Gell's Gravitas          Tloc           19%        N/A       1%          3
 Ignite Poison            Fire/Tmut/Pois 31%        N/A       1%          3
 Inner Flame              Hex/Fire       49%        N/A       1%          3
 Mephitic Cloud           Conj/Pois/Air  52%        N/A       1%          3
 Portal Projectile        Hex/Tloc       100%       N/A       1%          3
 Spider Form              Tmut/Pois      15%        N/A       1%          3
 Stone Arrow              Conj/Erth      98%        3d13      1%          3
 Swiftness                Air            58%        N/A       1%          3
 Airstrike                Air            29%        N/A       1%          4
 Animate Armour           Summ/Erth      96%        N/A       1%          4
 Cause Fear               Hex            30%        N/A       1%          4
 Fulminant Prism          Conj/Hex       30%        3d16      1%          4
 Leda's Liquefaction      Hex/Erth       24%        N/A       1%          4
 Olgreb's Toxic Radiance  Pois           31%        N/A       1%          4
 Petrify                  Tmut/Erth      31%        N/A       1%          4
 Sticky Flame             Conj/Fire      49%        2d7       1%          4
 Summon Lightning Spire   Summ/Air       59%        N/A       1%          4
 Agony                    Necr           70%        N/A       1%          5
 Bolt of Magma            Conj/Fire/Erth 21%        4d11      1%          5
 Borgnjor's Vile Clutch   Necr/Erth      27%        N/A       1%          5
 Excruciating Wounds      Necr           35%        N/A       1%          5
 Fireball                 Conj/Fire      24%        3d11      1%          5
 Iskenderun's Battlesphe  Conj           60%        2d11      1%          5
 Lightning Bolt           Conj/Air       29%        1d46      1%          5
 Silence                  Hex/Air        30%        N/A       1%          5
 Summon Forest            Summ/Tloc      25%        N/A       1%          5
 Yara's Violent Unravell  Hex/Tmut       24%        3d11      1%          5
 Conjure Ball Lightning   Conj/Air       29%        3x3d8     1%          6
 Death Channel            Necr           35%        N/A       1%          6
 Shadow Creatures         Summ           N/A        N/A       1%          6
 Alistair's Intoxication  Tmut/Pois      20%        N/A       4%          5
 Hydra Form               Tmut           15%        N/A       4%          5
 Lee's Rapid Deconstruct  Erth           15%        3d11*     4%          5
 Haunt                    Necr/Summ      32%        N/A       4%          7
 Iron Shot                Conj/Erth      24%        9d5       5%          6
 Starburst                Conj/Fire      24%        8x6d8     5%          6
 Orb of Destruction       Conj           30%        9d11      7%          7
 Monstrous Menagerie      Summ           30%        N/A       8%          7
 Summon Hydra             Summ           30%        N/A       8%          7
 Borgnjor's Revivificati  Necr           35%        N/A       16%         8
 Infestation              Necr           35%        N/A       16%         8
 Eringya's Noxious Bog    Tmut/Pois      15%        N/A       22%         6
 Statue Form              Tmut/Erth      20%        N/A       22%         6
 Malign Gateway           Summ/Tloc      25%        N/A       22%         7
 Summon Horrible Things   Summ           30%        N/A       54%         8
 Chain Lightning          Conj/Air       29%        N/A       56%         8
 Dragon Form              Tmut           15%        N/A       77%         7
 Necromutation            Tmut/Necr      27%        N/A       77%         8
 Lehudib's Crystal Spear  Conj/Erth      24%        10d7      93%         8
 Death's Door             Necr           35%        N/A       93%         9
 Ignition                 Fire           15%        3d6       100%        8
 Dragon's Call            Summ           30%        N/A       100%        9
 Fire Storm               Conj/Fire      24%        8d6       100%        9
 Shatter                  Erth           15%        3d15*     100%        9
 Tornado                  Air            29%        N/A       100%        9


Dungeon Overview and Level Annotations

Branches:
Dungeon (15/15)            Temple (1/1) D:5            Lair (6/6) D:9
  Swamp (4/4) Lair:4        Snake (4/4) Lair:2        Slime (0/5) Lair:5
    Orc (2/2) D:12            Elf (3/3) Orc:2        Vaults (5/5) D:14
  Crypt (0/3) Vaults:3     Depths (5/5) D:15            Zot (5/5) Depths:5
  IceCv (visited)         Desolation (visited)

Altars:
Ashenzari
Cheibriados
Dithmenos
Elyvilon
Fedhas
Gozag
Hepliaklqana
Kikubaaqudgha
Makhleb
Nemelex Xobeh
Okawaru
Qazlal
Ru
Sif Muna
Trog
Uskayaw
Vehumet
Wu Jian
Xom
Yredelemnul
Zin
The Shining One
Beogh
Jiyva

Shops:
D:9 [(*   D:12 [   D:13 =   Orc:1 *   Orc:2 =*!:   Elf:3 (   Lair:1 ?
Swamp:3 *   Snake:1 ?(   Snake:2 *   Snake:4 *:=*?   Vaults:2 *   Vaults:4 ?
Depths:1 !   Depths:3 (   Depths:4 :=:=

Portals:
Hell: Depths:1 Depths:2 Depths:3 Depths:4 Depths:5
Abyss: Depths:4
Pandemonium: Depths:2 Depths:3 Depths:5
Ziggurat: Depths:1

Annotations:
D:3 3 runed translucent doors, kd29's ghost, amateur MfVM
Lair:2 2 transporters, benadryl's ghost, journeyman TrFi


Innate Abilities, Weirdness & Mutations

Your serpentine skin is tough. (AC +9)
You have supernaturally acute eyesight. (SInv)
Armour fits poorly on your strangely shaped body.
Your system is resistant to poisons. (rPois)
You cover ground very slowly.
You can spit poison.
You can use your snake-like lower body to constrict enemies.
You tend to lose your temper in combat.
You are frail. (-10% HP)
You have an increased reservoir of magic. (+10% MP)
Your spells are easier to cast, but less powerful.


Message History

Unknown command.
Casting: Absolute Zero (mildly dangerous; 1% risk of failure)
Confirm with . or Enter, or press ? or * to list all spells.
Casting: Absolute Zero (mildly dangerous; 1% risk of failure)
Press: ? - help, Dir - look around, f - activate You chill the green death to absolute zero!
The green death shatters and turns to gold!
You kill the green death!
The Ice Fiend gestures at you. The bolt of cold misses you.
Casting: Absolute Zero (mildly dangerous; 1% risk of failure)
Confirm with . or Enter, or press ? or * to list all spells.
Casting: Absolute Zero (mildly dangerous; 1% risk of failure)
Press: ? - help, Dir - look around, f - activate You chill the tormentor to absolute zero!
The tormentor shatters and turns to gold!
You kill the tormentor!
The Ice Fiend becomes distracted by the nearby gold, dreaming of imaginary riches.
Casting: Absolute Zero (mildly dangerous; 1% risk of failure)
Confirm with . or Enter, or press ? or * to list all spells.
Casting: Absolute Zero (mildly dangerous; 1% risk of failure)
Press: ? - help, Dir - look around, f - activate You chill the Ice Fiend to absolute zero!
The Ice Fiend shatters and turns to gold!
You kill the Ice Fiend!
Unknown command.
You now have 14099 gold pieces (gained 7).
A shadow demon comes into view.
You see here 10 gold pieces.
You see here 17 gold pieces.
Casting: Absolute Zero (mildly dangerous; 1% risk of failure)
Confirm with . or Enter, or press ? or * to list all spells.
Casting: Absolute Zero (mildly dangerous; 1% risk of failure)
Press: ? - help, Dir - look around, f - activate You chill the shadow demon to absolute zero!
The shadow demon shatters and turns to gold!
You kill the shadow demon!
There is a staircase leading out of the dungeon here.
Char dumped successfully.
You have escaped!

..#### ##.##.# #.# #... ..#
##...########.# #.## ###
##.....#'......# #.#
###.......######## #.#
#'.........## #.# ##...........##
#.# #.............# #.#
#.............#######.##
#......@......#.........
#.............#...##...# #######
#.............#.#.#.....
......####'...$.......##.#.##...#
###.......##....$....###.#.###.##
#...###.###..$....##...#.# #.#
##### #.# ##..$..##....#.# #.#
#.# ###.#+#.###.#.###+## #.#
#.#.........##...#


There were no monsters in sight!

Vanquished Creatures
  3 pandemonium lords
  A dread lich (Zot:5)
  6 ancient liches
  3 orbs of fire (Zot:5)
  A juggernaut (Depths:4)
  Sojobo (Depths:5)
  Frederick (Depths:5)
  10 Killer Klowns
  9 caustic shrikes
  3 curse toes
  13 golden dragons
  A Brimstone Fiend (D:4)
  A Tzitzimitl (Zot:5)
  2 electric golems
  21 tentacled monstrosities
  5 liches
  Jorgrun (Swamp:1)
  Asterion (Snake:1)
  28 Orb Guardians
  3 Ice Fiends
  3 deep elf blademasters
  6 titans
  2 deep elf master archers (Elf:3)
  6 quicksilver dragons
  9 sphinxes
  9 death cobs
  Agnes (Snake:1)
  Kirke (Snake:1)
  An ancient champion (Vaults:3)
  6 tengu reavers
  2 nagarajas (Snake:4)
  16 shadow dragons
  Donald (Vaults:1)
  6 draconian monks
  10 storm dragons
  The ghost of hehateme the Fighter, an adept KoBe of Trog (Snake:3)
  A fenstrider witch (Swamp:4)
  4 fire giants
  2 imperial myrmidons (Desolation)
  10 vault wardens
  6 draconian knights
  6 frost giants
  A cacodemon (Zot:5)
  Aizul (Snake:1)
  2 orc warlords
  5 deep elf sorcerers
  An iron dragon (Depths:3)
  5 ghost moths
  An emperor scorpion (shapeshifter) (Depths:3)
  A spriggan defender (Depths:3)
  An angel (Zot:5)
  4 deep elf elementalists
  A draconian scorcher (Zot:4)
  4 draconian stormcallers
  2 warmongers
  36 very ugly things
  23 ironbound preservers
  7 draconian annihilators
  6 draconian shifters
  A reaper (Depths:2)
  A blood saint (Depths:5)
  19 stone giants
  5 war gargoyles
  A corrupter (Zot:5)
  14 green draconians
  5 vampire knights
  6 deep elf annihilators
  7 black draconians
  8 deep elf demonologists
  6 purple draconians
  9 yellow draconians
  7 white draconians
  8 red draconians
  12 ettins
  5 dire elephants
  A halazid warlock (Desolation)
  7 bunyips
  A spark wasp (Depths:3)
  3 eleionomae
  7 deep elf death magi
  13 yaktaur captains
  A blizzard demon (D:9)
  8 fire dragons
  A jiangshi (Vaults:3)
  4 deep elf high priests
  A green death (D:1)
  10 ragged hierophants (Desolation)
  3 crystal guardians
  30 vault guards
  5 ironbound thunderhulks
  Harold (D:9)
  A hell beast (Depths:3)
  2 great orbs of eyes
  2 spriggan air magi (Depths:3)
  A great orb of eyes (shapeshifter) (Vaults:5)
  5 salamander tyrants
  9 servants of whispers (Desolation)
  11 ice dragons
  Erolcha (D:9)
  3 ogre magi
  The ghost of MikuNakano the Fighter, a journeyman VSBe of Trog (Orc:2)
  8 peacekeepers
  19 naga warriors
  3 rakshasas
  2 ghost crabs
  2 monstrous demonspawn
  3 catoblepae
  21 hydras
  6 boulder beetles
  10 two-headed ogres
  9 ironbound frosthearts
  11 centaur warriors
  28 anacondas
  2 death knights
  2 deep troll earth magi
  A tengu warrior (D:14)
  5 deep troll shamans
  13 death yaks
  2 alligators (Swamp:4)
  5 ironbound beastmasters
  6 spriggan berserkers
  8 shock serpents
  13 orc high priests
  A titan zombie (Depths:3)
  22 deep elf knights
  9 naga sharpshooters
  A soul eater (Vaults:3)
  7 hell knights
  Nergalle (D:10)
  A shadow wraith (Vaults:5)
  8 goliath frogs
  A skeletal warrior (Vaults:3)
  3 iron trolls
  A sixfirhy (Depths:3)
  75 deep trolls
  A death drake (Swamp:3)
  12 salamander mystics
  2 shadow demons
  A goliath frog (shapeshifter) (D:13)
  5 flayed ghosts
  2 spriggan druids (Swamp:2)
  7 deep elf archers
  10 naga ritualists
  6 bog bodies
  8 swamp dragons (Swamp:4)
  A swamp dragon (shapeshifter) (Depths:3)
  3 gelid demonspawn
  3 glowing orange brains
  15 ironbound convokers
  9 lindwurms
  5 harpies (Vaults:1)
  8 phantasmal warriors
  A necromancer (Lair:4)
  9 wizards
  A sphinx zombie (Depths:3)
  23 deep elf zephyrmancers
  7 orc knights
  15 mana vipers
  30 deep elf pyromancers
  4 orc sorcerers
  A wolf spider (D:15)
  2 manticores
  55 ugly things
  4 will-o-the-wisps
  3 cyclopes
  18 salamanders
  A moth of wrath (shapeshifter) (Vaults:5)
  Joseph (D:9)
  26 moths of wrath
  A frost giant skeleton (Depths:3)
  12 guardian serpents
  39 black mambas
  10 naga magi
  A black mamba (shapeshifter) (Vaults:5)
  2 ice statues
  A torpor snail (Lair:3)
  7 cane toads
  A molten gargoyle (Desolation)
  7 unseen horrors
  10 vault sentinels
  2 orange demons
  3 gargoyles
  Maggie (D:7)
  4 rime drakes
  Psyche (D:8)
  44 yaktaurs
  2 kobold demonologists
  2 tormentors
  7 freezing wraiths
  13 komodo dragons
  5 ice devils
  3 tengu conjurers
  3 efreet
  2 anaconda simulacra (IceCv)
  A hellwing (Depths:3)
  7 trolls
  A golden dragon simulacrum (IceCv)
  4 large abominations (Depths:4)
  3 polar bears
  10 hornets
  33 slime creatures
  4 tyrant leeches
  Prince Ribbit (D:7)
  21 blink frogs
  72 saltlings (Desolation)
  5 dream sheep (Lair:6)
  20 spriggans
  3 air elementals (Elf:1)
  3 wyverns
  2 shadows
  4 wraiths
  3 hogs (Snake:1)
  66 yaks
  4 fire bats (Depths:3)
  2 chaos spawn (Depths:4)
  5 water elementals
  A fire elemental (Elf:1)
  3 dire elephant simulacra (IceCv)
  9 vampire mosquitoes
  A golden eye (D:10)
  6 basilisks
  A death yak simulacrum (IceCv)
  8 wargs
  2 harpy simulacra (IceCv)
  31 nagas
  An iron troll simulacrum (IceCv)
  12 swamp worms
  An acid dragon (D:12)
  4 hydra simulacra (IceCv)
  15 water moccasins
  3 small abominations (Depths:4)
  31 orc warriors
  9 swamp drakes
  2 ice beasts
  A sky beast (D:6)
  A hornet zombie (D:5)
  8 black bears
  2 necrophages
  29 wolves
  An alligator simulacrum (IceCv)
  17 ogres
  A tengu (shapeshifter) (Depths:5)
  2 ettin simulacra (IceCv)
  5 boggarts (Lair:6)
  A phantom (D:5)
  15 centaurs
  3 kobold brigands
  10 bullfrogs
  6 scorpions
  A gnoll sergeant (D:12)
  A water moccasin zombie (D:7)
  A swamp dragon simulacrum (IceCv)
  4 wights (D:7)
  2 elephant simulacra (IceCv)
  A howler monkey (D:11)
  5 electric eels
  3 centaur zombies
  4 bullfrog zombies
  5 draconian simulacra (IceCv)
  3 hounds
  A jelly (D:5)
  Crazy Yiuf (D:5)
  2 bullfrog skeletons (D:6)
  40 orc priests
  2 centaur skeletons
  A gnoll shaman (D:5)
  3 iguanas (D:5)
  Terence (D:2)
  25 orc wizards
  2 troll simulacra (IceCv)
  8 hell rats
  2 spriggan simulacra (IceCv)
  A statue (Depths:1)
  2 yak simulacra (Lair:4)
  3 polar bear simulacra (Lair:4)
  5 wolf simulacra
  2 killer bee zombies
  3 centaur simulacra
  Robin (D:2)
  2 howler monkey zombies
  14 gnolls
  A howler monkey skeleton (D:7)
  8 adders
  2 naga simulacra (IceCv)
  4 ogre simulacra (IceCv)
  2 shadow imps
  7 white imps
  11 ufetubi
  7 worms
  4 dart slugs
  104 orcs
  6 endoplasms
  5 giant cockroaches
  8 goblins
  8 hobgoblins
  6 jackals
  9 kobolds
  A quokka (D:3)
  9 ball pythons
  3 bats
  6 frilled lizards
  2 rats
  3 river rat simulacra (Lair:4)
  4 bushes (Elf:1)
  A butterfly (Swamp:3)
2249 creatures vanquished.

Vanquished Creatures (collateral kills)
  the Lernaean hydra (Swamp:4)
  A frost giant (Depths:3)
  5 very ugly things
  A vampire knight (Depths:4)
  2 spark wasps
  A fire dragon (Depths:3)
  An ettin (Depths:3)
  2 great orbs of eyes (Depths:3)
  2 hydras (Swamp:4)
  An ice dragon (Depths:4)
  A rakshasa (Depths:2)
  A spriggan air mage (Depths:3)
  A deep troll shaman (Depths:4)
  A spriggan (Depths:3)
  A deep troll (shapeshifter) (Depths:4)
  A deep troll (Depths:4)
  2 swamp dragons (Swamp:4)
  3 ugly things (Depths:3)
  A slime creature (Vaults:3)
  A hornet (Depths:3)
  A fire elemental (Depths:3)
  A black bear (shapeshifter) (Depths:4)
32 creatures vanquished.

Vanquished Creatures (others)
  2 ancient liches (Zot:5)
  An orb of fire (Zot:5)
  A juggernaut (Depths:4)
  A caustic shrike (Depths:3)
  A golden dragon (Depths:4)
  An electric golem (Zot:5)
  5 Orb Guardians (Zot:5)
  A tentacled monstrosity (Depths:3)
  A titan (Depths:3)
  A tengu reaver (Depths:5)
  A deep elf sorcerer (Elf:3)
  3 frost giants
  A spriggan defender (Depths:4)
  3 stone giants
  A very ugly thing (Depths:4)
  A vampire knight (Depths:4)
  A green draconian (Zot:5)
  2 ettins
  A deep elf high priest (Depths:4)
  3 rakshasas
  37 dancing weapons
  A deep troll earth mage (Depths:4)
  A tengu warrior (Depths:3)
  2 iron trolls
  A spriggan druid (Swamp:4)
  A gelid demonspawn (Depths:3)
  3 deep trolls (Depths:4)
  An obsidian statue (Zot:5)
  A necromancer (Depths:3)
  2 deep elf zephyrmancers
  2 ugly things (Depths:4)
  2 tengu conjurers
  A hornet (Swamp:4)
  A bloated husk (Swamp:3)
  A fire giant simulacrum (Depths:3)
  4 humans (Snake:1)
  A water moccasin (Lair:5)
  A swamp drake (Swamp:4)
  An orc warrior (Depths:4)
  2 white imps (IceCv)
  8 orcs
  2 bushes (Lair:4)
  14 foxfires
  18 fungi
  A pillar of salt (Elf:1)
  98 plants
239 creatures vanquished.

Grand Total: 2520 creatures vanquished

Notes
Turn   | Place    | Note
-------+----------+-------------------------------------------
     0 | D:1      | AtomicRavioli the Naga Ice Elementalist began the quest for
                  | the Orb.
     0 | D:1      | Reached XP level 1. HP: 15/15 MP: 3/3
   137 | D:1      | Reached XP level 2. HP: 22/22 MP: 5/5
   962 | D:2      | Reached XP level 3. HP: 24/28 MP: 1/6
  1012 | D:2      | Learned a level 3 spell: Frozen Ramparts
  1336 | D:2      | Noticed Robin
  1358 | D:2      | Killed Robin
  1359 | D:2      | Reached XP level 4. HP: 33/36 MP: 2/8
  2006 | D:2      | Noticed Terence
  2014 | D:2      | Killed Terence
  2015 | D:2      | Reached skill level 3 in Spellcasting
  2025 | D:2      | Reached XP level 5. HP: 36/42 MP: 4/10
  2144 | D:2      | Learned a level 3 spell: Ozocubu's Armour
  2273 | D:3      | Found a runed translucent gate.
  2274 | D:3      | Found a runed translucent gate.
  2283 | D:3      | Found a runed translucent gate.
  2302 | D:3      | Noticed kd29's ghost (amateur MfVM)
  2563 | D:3      | Reached skill level 1 in Shields
  3706 | D:4      | Reached XP level 6. HP: 38/49 MP: 7/11
  4458 | D:5      | Entered Level 5 of the Dungeon
  4781 | D:5      | Found the +10 Black Knight's barding {ponderous, rPois rN+}
  4807 | D:5      | Reached skill level 1 in Fighting
  4807 | D:5      | Reached XP level 7. HP: 57/57 MP: 6/12
  5055 | D:5      | Reached skill level 4 in Spellcasting
  5288 | D:5      | Identified the +9 ring mail of Asuazitt {Dex+2 Slay+3 SInv}
  5372 | D:5      | Reached skill level 5 in Spellcasting
  5372 | D:5      | Reached XP level 8. HP: 44/64 MP: 8/15
  5666 | D:5      | Reached skill level 1 in Armour
  5697 | D:5      | Reached skill level 5 in Shields
  5697 | D:5      | Reached skill level 6 in Spellcasting
  5791 | D:5      | Found a staircase to the Ecumenical Temple.
  5797 | Temple   | Entered the Ecumenical Temple
  6004 | Temple   | Became a worshipper of Gozag Ym Sagoz the Greedy
  6408 | D:5      | Found a runed translucent door.
  6411 | D:5      | Noticed Crazy Yiuf
  6418 | D:5      | Killed Crazy Yiuf
  6792 | D:6      | Reached skill level 1 in Maces & Flails
  6958 | D:6      | Reached XP level 9. HP: 70/70 MP: 12/19
  7050 | D:6      | Noticed a kobold demonologist
  7058 | D:6      | Killed a kobold demonologist
  7230 | D:6      | Reached skill level 7 in Spellcasting
  7605 | D:6      | Noticed a boulder beetle
  8108 | D:7      | Reached skill level 5 in Maces & Flails
  8191 | D:7      | Noticed Prince Ribbit
  8202 | D:7      | Killed Prince Ribbit
  8203 | D:7      | Reached XP level 10. HP: 78/78 MP: 15/21
  8368 | D:7      | Noticed Maggie
  8384 | D:7      | Killed Maggie
  9396 | D:8      | Reached skill level 8 in Spellcasting
  9396 | D:8      | Reached skill level 1 in Evocations
  9538 | D:8      | Noticed a two-headed ogre
  9547 | D:8      | Killed a two-headed ogre
  9736 | D:8      | Noticed Psyche
  9747 | D:8      | Killed Psyche
 10151 | D:9      | Found Ocrikhlo's Armour Emporium.
 10171 | D:9      | Bought a +0 pair of gloves of strength for 149 gold pieces
 10217 | D:9      | Noticed Erolcha
 10231 | D:9      | Killed Erolcha
 10232 | D:9      | Reached skill level 9 in Spellcasting
 10338 | D:9      | Noticed Harold
 10342 | D:9      | Noticed a two-headed ogre
 10353 | D:9      | Killed Harold
 10354 | D:9      | Reached XP level 11. HP: 63/86 MP: 19/24
 10360 | D:9      | Killed a two-headed ogre
 10361 | D:9      | Reached skill level 10 in Spellcasting
 10548 | D:9      | Found Plog's General Store.
 10555 | D:9      | Found a staircase to the Lair.
 10555 | D:9      | Noticed a two-headed ogre
 10555 | D:9      | Noticed Joseph
 10555 | D:9      | Noticed a two-headed ogre
 10578 | D:9      | Bought a scroll of enchant armour for 112 gold pieces
 10915 | D:9      | Killed a two-headed ogre
 10951 | D:9      | Killed Joseph
 10956 | D:9      | Killed a two-headed ogre
 11110 | D:9      | Found Raptasea's Antique Weapon Shop.
 11176 | D:9      | Found an ancient bone altar of Kikubaaqudgha.
 11176 | D:9      | Found a broken altar of Ashenzari.
 11184 | D:9      | Found a faded altar of an unknown god.
 11186 | D:9      | Found a basalt altar of Yredelemnul.
 11188 | D:9      | Found a sacrificial altar of Ru.
 11292 | D:10     | Entered Level 10 of the Dungeon
 11332 | D:10     | Noticed a centaur warrior
 11332 | D:10     | Noticed an ogre mage
 11338 | D:10     | Noticed a two-headed ogre
 11351 | D:9      | Killed a two-headed ogre
 11800 | D:10     | Noticed a deep elf pyromancer
 11823 | D:10     | Killed a centaur warrior
 11824 | D:10     | Reached skill level 10 in Shields
 11839 | D:10     | Killed an ogre mage
 11840 | D:10     | Reached XP level 12. HP: 61/99 MP: 26/26
 11984 | D:10     | Learned a level 4 spell: Hailstorm
 12343 | D:10     | Noticed Nergalle
 12362 | D:10     | Killed Nergalle
 12603 | D:10     | Reached skill level 5 in Ice Magic
 14322 | D:12     | Identified the +5 quarterstaff "Emian" {vorpal, rF+ Str+4}
 14994 | D:12     | Found a staircase to the Orcish Mines.
 15204 | D:12     | Found Pocu's Armour Emporium.
 15215 | D:12     | Noticed a boulder beetle
 15234 | D:12     | Killed a boulder beetle
 15235 | D:12     | Reached skill level 5 in Fighting
 15626 | D:13     | Noticed a death knight
 15641 | D:13     | Killed a death knight
 15881 | D:13     | Bought the ring "Zauget" {Wiz Contam rCorr Int+8 Dex-2} for
                  | 892 gold pieces
 16037 | D:13     | Gained mutation: You can use your snake-like lower body to
                  | constrict enemies. [Naga growth]
 16037 | D:13     | Reached XP level 13. HP: 109/109 MP: 24/27
 16063 | D:13     | Noticed a rakshasa
 16071 | D:13     | Killed a rakshasa
 16085 | D:13     | Learned a level 5 spell: Metabolic Englaciation
 16222 | D:13     | Reached skill level 1 in Conjurations
 17907 | D:14     | Found a gate to the Vaults.
 18552 | D:14     | Reached XP level 14. HP: 117/120 MP: 9/28
 18949 | D:14     | Noticed a tengu reaver
 18949 | D:14     | Noticed a stone giant
 18959 | D:14     | Killed a stone giant
 18961 | D:14     | Killed a tengu reaver
 18962 | D:14     | Reached skill level 5 in Evocations
 19244 | D:15     | Entered Level 15 of the Dungeon
 19978 | D:15     | Reached skill level 5 in Conjurations
 20317 | D:15     | Found a staircase to the Depths.
 20317 | D:15     | Noticed a dire elephant
 20378 | D:15     | Killed a dire elephant
 21155 | D:15     | Learned a level 6 spell: Freezing Cloud
 21275 | Lair:1   | Entered Level 1 of the Lair of Beasts
 21366 | Lair:1   | Bought a scroll of identify for 26 gold pieces
 21366 | Lair:1   | Bought a scroll of teleportation for 39 gold pieces
 21366 | Lair:1   | Bought a scroll of identify for 26 gold pieces
 22294 | Lair:2   | Reached XP level 15. HP: 128/128 MP: 29/29
 22300 | Lair:2   | Found a transporter.
 22305 | Lair:2   | Found a transporter.
 22306 | Lair:2   | Found a bloodstained altar of Trog.
 22307 | Lair:2   | Found the +3 robe of Folly {Archmagi, Will-- Int+5}
 22310 | Lair:2   | Noticed benadryl's ghost (journeyman TrFi)
 22451 | Lair:2   | Found a staircase to the Snake Pit.
 22457 | Lair:2   | Learned a level 4 spell: Airstrike
 22878 | Lair:3   | You fall into a shaft and drop 1 floor!
 23401 | Lair:3   | Learned a level 3 spell: Dazzling Flash
 23406 | Lair:3   | Learned a level 4 spell: Iskenderun's Mystic Blast
 23772 | Lair:4   | Found a staircase to the Swamp.
 25370 | Lair:5   | Reached skill level 1 in Hexes
 25669 | Lair:5   | Found a staircase to the Slime Pits.
 25669 | Lair:5   | Found a viscous altar of Jiyva.
 26377 | Lair:6   | Entered Level 6 of the Lair of Beasts
 26600 | Lair:6   | Reached skill level 11 in Spellcasting
 27090 | Lair:6   | Identified the +3 falchion "Starlight" {drain, rN+ Dex+5}
 27390 | Lair:5   | Reached skill level 1 in Translocations
 27390 | Lair:5   | Reached XP level 16. HP: 67/139 MP: 5/31
 27417 | Lair:5   | Reached skill level 10 in Maces & Flails
 28653 | Orc:1    | Entered Level 1 of the Orcish Mines
 28716 | Orc:1    | Found Nelyg's Mass Market.
 29135 | Orc:2    | Entered Level 2 of the Orcish Mines
 29180 | Orc:2    | Found a runed translucent gate.
 29180 | Orc:2    | Found a runed translucent gate.
 29180 | Orc:2    | Found a runed translucent gate.
 29187 | Orc:2    | Noticed MikuNakano's ghost (journeyman VSBe)
 29208 | Orc:2    | Killed MikuNakano's ghost
 29387 | Orc:2    | Found a staircase to the Elven Halls.
 29690 | Orc:2    | Reached skill level 15 in Shields
 29885 | Orc:2    | Found Rija's Distillery.
 29890 | Orc:2    | Found Ebiorumm's Book Emporium.
 30411 | Orc:2    | Found Liodofi's General Store.
 30444 | Orc:2    | Bought a scroll of identify for 24 gold pieces
 30446 | Orc:2    | Identified a scroll of acquirement
 30447 | Orc:2    | Acquired a book of Ice
 30459 | Orc:2    | Learned a level 7 spell: Ozocubu's Refrigeration
 30473 | Orc:2    | Found Ohidous's Jewellery Boutique.
 30779 | Swamp:1  | Entered Level 1 of the Swamp
 30841 | Swamp:1  | Noticed Jorgrun
 30857 | Swamp:1  | Killed Jorgrun
 31904 | Swamp:1  | Reached skill level 10 in Ice Magic
 32472 | Swamp:2  | Reached skill level 5 in Armour
 33156 | Swamp:3  | Reached skill level 1 in Air Magic
 33291 | Swamp:3  | Reached XP level 17. HP: 90/150 MP: 2/32
 34501 | Swamp:4  | Entered Level 4 of the Swamp
 35372 | Swamp:3  | Bought a scroll of summoning for 427 gold pieces
 35372 | Swamp:3  | Bought a scroll of identify for 90 gold pieces
 35372 | Swamp:3  | Bought a scroll labelled MUTZUSK GAIGOTAPT for 45 gold
                  | pieces
 35473 | Swamp:4  | Identified the ring "Emihaef" {rC+ Int+8}
 35856 | Orc:2    | Bought an amulet of magic regeneration for 300 gold pieces
 36562 | Swamp:4  | Noticed the 27-headed Lernaean hydra
 36570 | Swamp:4  | Killed the 27-headed Lernaean hydra
 36625 | Swamp:4  | Got a decaying rune of Zot
 37204 | Lair:4   | Gained mutation: You have a pair of small antennae on your
                  | head. [potion of mutation]
 37204 | Lair:4   | Gained mutation: Your body sometimes deteriorates upon
                  | taking damage. [potion of mutation]
 37204 | Lair:4   | Gained mutation: You are partially covered in iridescent
                  | scales. (AC +2) [potion of mutation]
 37205 | Lair:4   | Lost mutation: Your body sometimes deteriorates upon taking
                  | damage. [potion of mutation]
 37205 | Lair:4   | Lost mutation: You are partially covered in iridescent
                  | scales. (AC +2) [potion of mutation]
 37205 | Lair:4   | Gained mutation: Your mind is acute. (Int +2) [potion of
                  | mutation]
 37205 | Lair:4   | Gained mutation: You can exhale a cloud of poison. [potion
                  | of mutation]
 37205 | Lair:4   | Gained mutation: You sometimes lose the ability to read
                  | scrolls when taking damage. [potion of mutation]
 37205 | Lair:4   | Gained mutation: You possess an exceptional clarity of
                  | mind. [potion of mutation]
 37209 | Lair:4   | Lost mutation: Your mind is acute. (Int +2) [potion of
                  | mutation]
 37209 | Lair:4   | Lost mutation: You sometimes lose the ability to read
                  | scrolls when taking damage. [potion of mutation]
 37209 | Lair:4   | Lost mutation: You can exhale a cloud of poison. [potion of
                  | mutation]
 37209 | Lair:4   | Gained mutation: You have a pair of antennae on your head.
                  | [potion of mutation]
 37209 | Lair:4   | Gained mutation: You are agile. (Dex +2) [potion of
                  | mutation]
 37209 | Lair:4   | Gained mutation: You have a pair of large antennae on your
                  | head. (SInv) [potion of mutation]
 37434 | Snake:1  | Entered Level 1 of the Snake Pit
 37639 | Snake:1  | Found Pehis's Antique Weapon Shoppe.
 37644 | Snake:1  | Found Dyaklepe's Magic Scroll Shoppe.
 37651 | Snake:1  | Bought a scroll of enchant armour for 82 gold pieces
 37651 | Snake:1  | Bought a scroll of teleportation for 33 gold pieces
 37651 | Snake:1  | Bought a scroll of enchant armour for 82 gold pieces
 37651 | Snake:1  | Bought a scroll of enchant weapon for 82 gold pieces
 37651 | Snake:1  | Bought a scroll of blinking for 82 gold pieces
 37651 | Snake:1  | Bought a scroll of enchant weapon for 82 gold pieces
 37651 | Snake:1  | Bought a scroll of teleportation for 33 gold pieces
 37801 | Snake:1  | Noticed Aizul
 37812 | Snake:1  | Killed Aizul
 38035 | Snake:1  | Noticed Agnes
 38043 | Snake:1  | Killed Agnes
 38044 | Snake:1  | Reached skill level 12 in Spellcasting
 38099 | Snake:1  | Noticed Kirke
 38108 | Snake:1  | Reached skill level 5 in Air Magic
 38112 | Snake:1  | Killed Kirke
 38186 | Snake:1  | Reached XP level 18. HP: 52/159 MP: 32/34
 38678 | Snake:1  | Identified the +5 morningstar of the Inferno {pain, *Rage
                  | Str+2 Int+4}
 38777 | Snake:1  | Noticed Asterion
 38791 | Snake:1  | Killed Asterion
 39430 | Snake:2  | Found a frozen archway.
 39726 | IceCv    | Entered an ice cave
 40639 | IceCv    | Noticed an Ice Fiend
 40652 | IceCv    | Killed an Ice Fiend
 41133 | Snake:2  | Bought a wand of flame (15) for 36 gold pieces
 41693 | Snake:2  | Found a white marble altar of Elyvilon.
 43117 | Snake:3  | Noticed hehateme's ghost (adept KoBe)
 43132 | Snake:3  | Found a transporter.
 43147 | Snake:3  | Found a transporter.
 43198 | Snake:3  | Reached skill level 13 in Spellcasting
 43218 | Snake:3  | Killed hehateme's ghost
 43227 | Snake:3  | Identified the ring "Vioph" {Will- Str+3 Int+6 Slay+3}
 43756 | Snake:4  | Entered Level 4 of the Snake Pit
 43819 | Snake:4  | Reached XP level 19. HP: 168/168 MP: 15/36
 43925 | Snake:4  | Found Riboj's Assorted Antiques.
 43928 | Snake:4  | Found Cafedog's Jewellery Emporium.
 43928 | Snake:4  | Found Huexkesona's Book Shoppe.
 43947 | Snake:4  | Found Abuin's Assorted Antiques.
 43950 | Snake:4  | Bought a potion of mutation for 328 gold pieces
 44051 | Snake:4  | Found Cem Goi's Magic Scroll Boutique.
 44088 | Snake:4  | Bought a scroll of teleportation for 45 gold pieces
 44088 | Snake:4  | Bought a scroll of teleportation for 45 gold pieces
 44088 | Snake:4  | Bought a scroll of teleportation for 45 gold pieces
 44088 | Snake:4  | Bought a scroll of teleportation for 45 gold pieces
 44088 | Snake:4  | Bought a scroll of enchant weapon for 112 gold pieces
 44091 | Snake:4  | Acquired a book of Annihilations
 45550 | Snake:4  | Reached skill level 14 in Spellcasting
 45817 | Snake:4  | Reached skill level 10 in Fighting
 45853 | Snake:4  | Got a serpentine rune of Zot
 46312 | Elf:1    | Entered Level 1 of the Elven Halls
 46412 | Elf:1    | Found a ruined gateway.
 46439 | Desolati | Entered the Desolation of Salt
 46588 | Desolati | Identified the ring of the Persimmons {rF+ rC+ EV+4 Int+7
                  | SInv}
 46660 | Desolati | Reached XP level 20. HP: 175/176 MP: 6/38
 46692 | Desolati | Identified the +5 rapier of Haobuel {vorpal, rElec Dex+4}
 46705 | Desolati | Identified the +7 long sword "Wezot" {flame, rN+ rCorr
                  | Int+4 SInv}
 46707 | Desolati | Identified Ustroryo's Collected Works on Evil Magic and
                  | Ignition
 46891 | Desolati | Identified the amulet "Moithrunk" {Spirit rElec Will+
                  | Regen+ Int+2}
 46924 | Desolati | Identified Ruudoj's Catalogue of Mutagenic Venom
 46927 | Desolati | Identified the +2 helmet of Weightlessness {Contam rCorr
                  | Dex+4}
 46955 | Desolati | Found the +3 pair of seven-league boots {Rampage+∞}
 46988 | Desolati | Reached skill level 15 in Spellcasting
 47000 | Desolati | Identified the +2 pair of boots "Ziobet" {Contam rElec
                  | rC+++}
 47002 | Desolati | Identified the ring of Incredulity {rPois Str+2 Stlth+}
 47005 | Desolati | Identified the Tome of Blistering Enchantment
 48222 | Elf:1    | Reached skill level 15 in Ice Magic
 48641 | Elf:1    | Learned a level 9 spell: Absolute Zero
 49122 | Elf:2    | Found a runed translucent gate.
 49124 | Elf:2    | Found a runed translucent gate.
 49124 | Elf:2    | Found a runed translucent gate.
 49127 | Elf:2    | Identified the +1 helmet of Bitterness {Str+7}
 49216 | Elf:2    | Lost mutation: You are agile. (Dex +2) [potion of mutation]
 49216 | Elf:2    | Lost mutation: You have a pair of large antennae on your
                  | head. (SInv) [potion of mutation]
 49216 | Elf:2    | Gained mutation: You are somewhat resistant to further
                  | mutation. [potion of mutation]
 49217 | Elf:2    | Lost mutation: You possess an exceptional clarity of mind.
                  | [potion of mutation]
 49217 | Elf:2    | Lost mutation: You have a pair of antennae on your head.
                  | [potion of mutation]
 49217 | Elf:2    | Lost mutation: You are somewhat resistant to further
                  | mutation. [potion of mutation]
 49217 | Elf:2    | Gained mutation: You possess an exceptional clarity of
                  | mind. [potion of mutation]
 49218 | Elf:2    | Lost mutation: You possess an exceptional clarity of mind.
                  | [potion of mutation]
 49218 | Elf:2    | Lost mutation: You have a pair of small antennae on your
                  | head. [potion of mutation]
 49218 | Elf:2    | Gained mutation: Your magical capacity is low. (-10% MP)
                  | [potion of mutation]
 49218 | Elf:2    | Gained mutation: You tend to lose your temper in combat.
                  | [potion of mutation]
 49219 | Elf:2    | Lost mutation: Your magical capacity is low. (-10% MP)
                  | [potion of mutation]
 49219 | Elf:2    | Lost mutation: You tend to lose your temper in combat.
                  | [potion of mutation]
 49219 | Elf:2    | Gained mutation: You tend to lose your temper in combat.
                  | [potion of mutation]
 49705 | Elf:2    | Reached XP level 21. HP: 179/184 MP: 8/40
 49960 | Elf:2    | Reached skill level 16 in Spellcasting
 50378 | Elf:3    | Entered Level 3 of the Elven Halls
 50928 | Elf:3    | Identified the ring of Vuit {Will+ Dex+6}
 51033 | Elf:3    | Identified the +5 rapier of Causality {vorpal, rC+ Str-3
                  | Int+10 Dex-2}
 51047 | Elf:3    | Reached skill level 5 in Stealth
 51175 | Elf:3    | Identified the +4 rapier "Piateave" {drain, rF- rCorr Int+7
                  | Stlth+}
 51182 | Elf:3    | Identified the Reference Book on the Torrid Rocks
 51211 | Elf:3    | Identified the +5 hand axe of Wyrd {pain, rElec rPois}
 51436 | Elf:3    | Identified the +10 shortbow of Precise Incision {vorpal,
                  | rPois rF++ rCorr Int-4}
 51611 | Elf:3    | Found Moraopn's Antique Weapon Boutique.
 52547 | Vaults:1 | Entered Level 1 of the Vaults
 52560 | Vaults:1 | Noticed Donald
 52572 | Vaults:1 | Killed Donald
 53007 | Vaults:1 | Reached skill level 17 in Spellcasting
 53516 | Vaults:1 | Identified the +0 helmet of Privacy {Dex+8}
 53745 | Vaults:1 | Reached XP level 22. HP: 186/193 MP: 40/43
 55028 | Vaults:2 | Reached skill level 15 in Maces & Flails
 55680 | Vaults:2 | Reached skill level 18 in Spellcasting
 56050 | Vaults:2 | Found Haig's Assorted Antiques.
 56058 | Vaults:2 | Bought a potion of mutation for 320 gold pieces
 56507 | Vaults:3 | Found a staircase to the Crypt.
 56727 | Vaults:3 | You fall into a shaft and drop 1 floor!
 56735 | Vaults:4 | Found Nugont's Magic Scroll Shoppe.
 56758 | Vaults:4 | Bought a scroll of blinking for 135 gold pieces
 56758 | Vaults:4 | Bought a scroll of teleportation for 54 gold pieces
 57343 | Vaults:4 | Reached XP level 23. HP: 200/200 MP: 1/45
 58835 | Vaults:5 | Entered Level 5 of the Vaults
 58839 | Vaults:5 | Reached skill level 19 in Spellcasting
 59016 | Vaults:5 | Noticed a golden dragon
 59026 | Vaults:5 | Killed a golden dragon
 59206 | Vaults:5 | Identified the +9 plate armour "Roeguf" {rN++ rCorr}
 59325 | Vaults:5 | Identified the +9 scimitar of Buetoext {freeze, rElec rPois
                  | SInv Stlth-}
 59365 | Vaults:5 | Identified the +11 scimitar of Valuable Assets {vorpal,
                  | *Rage rElec Str+2 Int+5}
 59377 | Vaults:5 | Reached skill level 5 in Dodging
 59573 | Vaults:5 | Noticed an ancient lich
 59580 | Vaults:5 | Reached XP level 24. HP: 182/201 MP: 41/46
 59591 | Vaults:5 | Killed an ancient lich
 59623 | Vaults:5 | Noticed an ancient lich
 59628 | Vaults:5 | Killed an ancient lich
 59667 | Vaults:5 | Identified the ring of Haesyogh {rPois rF+ Int+5 Dex-4}
 59830 | Vaults:5 | Identified the +7 falchion "Vogout" {chaos, Will+ Int+6}
 59864 | Vaults:5 | Learned a level 6 spell: Simulacrum
 60002 | Vaults:5 | Noticed an ancient lich
 60088 | Vaults:5 | Killed an ancient lich
 60089 | Vaults:5 | Reached skill level 10 in Stealth
 60089 | Vaults:5 | Reached skill level 5 in Hexes
 60174 | Vaults:5 | Identified the ring "Uvuavife" {Drain Fly rElec rCorr
                  | Int+4}
 60864 | Vaults:5 | Identified the Volume of Mutagenic Calling
 60870 | Vaults:5 | Got a silver rune of Zot
 60928 | Vaults:5 | Identified the +8 trident of True Grit {holy, *Rage +Rage
                  | Stlth+}
 61459 | Vaults:3 | Reached skill level 20 in Spellcasting
 61482 | Vaults:3 | Learned a level 5 spell: Summon Mana Viper
 62151 | Vaults:3 | Reached skill level 1 in Summonings
 62177 | Vaults:3 | Reached XP level 25. HP: 173/219 MP: 5/47
 62203 | Vaults:3 | Learned a level 7 spell: Spellforged Servitor
 62858 | Depths:1 | Entered Level 1 of the Depths
 63082 | Depths:1 | Found a gateway to a ziggurat.
 63415 | Depths:1 | Found a shadowy altar of Dithmenos.
 63771 | Depths:1 | Found a radiant altar of Vehumet.
 63817 | Depths:1 | Found a gateway to Hell.
 64116 | Depths:1 | Bought a potion of might for 68 gold pieces
 64116 | Depths:1 | Bought a potion of curing for 51 gold pieces
 64116 | Depths:1 | Bought 2 potions of haste for 340 gold pieces
 64116 | Depths:1 | Bought a potion of curing for 51 gold pieces
 64116 | Depths:1 | Bought a potion of curing for 51 gold pieces
 64635 | Depths:2 | Found a one-way gate leading to the halls of Pandemonium.
 65260 | Depths:2 | Gained mutation: Your spells are a little easier to cast,
                  | but a little less powerful. [mutagenic glow]
 65516 | Depths:3 | Found Enturuz's Antique Weapon Boutique.
 66120 | Depths:3 | Reached skill level 21 in Spellcasting
 66492 | Depths:3 | Found a shimmering altar of Xom.
 66493 | Depths:3 | Found a shimmering altar of Xom.
 67122 | Depths:3 | Identified the +8 plate armour "Juparphitonk" {Int+4 Dex+6
                  | Slay-6}
 67194 | Depths:3 | Reached skill level 5 in Summonings
 67196 | Depths:3 | Reached XP level 26. HP: 192/229 MP: 32/48
 67444 | Depths:3 | Found a shimmering blue altar of Sif Muna.
 67714 | Depths:4 | Found Biacaif's Book Boutique.
 67714 | Depths:4 | Found Mouvual's Jewellery Emporium.
 67716 | Depths:4 | Found Saopra Xawn's Book Boutique.
 67830 | Depths:4 | Bought a Necronomicon for 1876 gold pieces
 67875 | Depths:4 | Found a white marble altar of Elyvilon.
 68147 | Depths:4 | Identified the +5 chain mail of Beyond {Str+4}
 68365 | Depths:4 | Noticed a juggernaut
 68367 | Depths:4 | Killed a juggernaut
 68984 | Depths:4 | Noticed a juggernaut
 68986 | Depths:4 | Killed a juggernaut
 69038 | Depths:4 | Identified the +9 arbalest "Xeanaoly" {penet, rF- Str+2
                  | Int+3 Dex+4}
 69068 | Depths:4 | Learned a level 2 spell: Sublimation of Blood
 69491 | Depths:4 | Found a one-way gate to the infinite horrors of the Abyss.
 69531 | Depths:4 | Found Ifaehurr's Jewellery Shop.
 69799 | Depths:4 | Acquired the +8 eveningstar of Wesaaji {elec, rPois Int+5}
 69835 | Depths:5 | Entered Level 5 of the Depths
 69847 | Depths:5 | Reached skill level 1 in Necromancy
 70253 | Depths:5 | Found a gateway to a bazaar.
 70265 | Bazaar   | Entered a bazaar
 70265 | Bazaar   | Found Tuulesch's Antique Weapon Boutique.
 70265 | Bazaar   | Found Nukuit's General Store.
 70270 | Bazaar   | Bought a potion of curing for 45 gold pieces
 70299 | Bazaar   | Found Ygefyss's Jewellery Boutique.
 70336 | Bazaar   | Found Orghup's Jewellery Shop.
 70735 | Depths:5 | Noticed Sojobo
 70753 | Depths:5 | Killed Sojobo
 70754 | Depths:5 | Reached skill level 22 in Spellcasting
 70858 | Depths:5 | Reached skill level 15 in Stealth
 71149 | Depths:5 | Found a gate to the Realm of Zot.
 71164 | Depths:5 | Noticed Frederick
 71170 | Depths:5 | Killed Frederick
 71171 | Depths:5 | Reached XP level 27. HP: 228/238 MP: 37/49
 71605 | Zot:1    | Entered Level 1 of the Realm of Zot
 72346 | Zot:1    | Reached skill level 5 in Necromancy
 72856 | Zot:1    | You fall into a shaft and drop 1 floor!
 73886 | Zot:2    | Acquired a manual of Hexes
 74079 | Zot:2    | Reached skill level 23 in Spellcasting
 77125 | Zot:5    | Entered Level 5 of the Realm of Zot
 77976 | Zot:5    | Noticed an ancient lich
 77977 | Zot:5    | Noticed an ancient lich
 77985 | Zot:5    | Noticed an orb of fire
 77987 | Zot:5    | Killed an ancient lich
 77993 | Zot:5    | Noticed an orb of fire
 77994 | Zot:5    | Reached skill level 24 in Spellcasting
 77997 | Zot:5    | Noticed an ancient lich
 78002 | Zot:5    | Killed an ancient lich
 78004 | Zot:5    | Noticed a dread lich
 78005 | Zot:5    | Killed a dread lich
 78025 | Zot:5    | Killed an ancient lich
 78029 | Zot:5    | Noticed an orb of fire
 78032 | Zot:5    | Killed an orb of fire
 78042 | Zot:5    | Killed an orb of fire
 78318 | Zot:5    | Noticed an ancient lich
 78319 | Zot:5    | Killed an ancient lich
 78393 | Zot:5    | Noticed an orb of fire
 78394 | Zot:5    | Gained mutation: Your spells are easier to cast, but less
                  | powerful. [an orb of fire]
 78394 | Zot:5    | Gained mutation: You have an increased reservoir of magic.
                  | (+10% MP) [an orb of fire]
 78395 | Zot:5    | Gained mutation: You are frail. (-10% HP) [an orb of fire]
 78396 | Zot:5    | Killed an orb of fire
 78621 | Zot:5    | Noticed an ancient lich
 78624 | Zot:5    | Killed an ancient lich
 78830 | Zot:5    | Got the Orb of Zot
 79064 | Depths:5 | Reached skill level 25 in Spellcasting
 79229 | D:15     | Noticed Sidweeg the pandemonium lord
 79233 | D:15     | Killed Sidweeg the pandemonium lord
 79261 | D:14     | Noticed Beennyn the pandemonium lord
 79264 | D:14     | Killed Beennyn the pandemonium lord
 79492 | D:1      | Noticed Loehell the pandemonium lord
 79492 | D:1      | Killed Loehell the pandemonium lord
 79493 | D:1      | Reached skill level 10 in Necromancy
 79508 | D:$      | Escaped with the Orb!

Illustrated notes

Levels and vault maps discovered:
D:1:      lemuel_arrival_rhombus, layout_loops_corners, minmay_misc_feat_hallway
D:2:      layout_loops_ring, grunt_ministairs_5, kennysheep_path_1, uniq_robin,
          uniq_terence
D:3:      layout_basic, gammafunk_ghost_split
D:4:      layout_cave_pools, hangedman_glass_teeth, roderic_roman_lattice
D:5:      minmay_opposing_rooms, layout_basic, minmay_temple_entry_fiery,
          uniq_crazy_yiuf_cottage
D:6:      minmay_chambers_of_fours, layout_loops_ring,
          small_statue_intersection, minmay_divided_ellipse
D:7:      layout_basic, chequers_avenue, uniq_maggie, uniq_prince_ribbit1
D:8:      layout_rooms, uniq_psyche
D:9:      layout_big_octagon, chequers_temple_overflow_minitemple,
          lair_entry_dummy, serial_shops, shop, nicolae_shop_behind_doors, shop,
          minmay_stone_trees_small, uniq_joseph, uniq_harold, uniq_erolcha
D:10:     layout_layer_cave, kb_rosetta, uniq_nergalle
D:11:     layout_loops_ring, special_room [special_room_orc], centaur_isle
D:12:     layout_small_grid, orc_0_dummy, serial_glass, glass_columns_b,
          glass_columns_a, glass_columns_c, glass_columns_a, glass_columns_a,
          glass_columns_c, serial_shops, kennysheep_mini_moat,
          lightli_fourway_metalbox
D:13:     layout_loops_ring, chequers_jeans, serial_bayou_pond_c
D:14:     minmay_two_paths, layout_loops_corners, erik_vaults_1
D:15:     hangedman_depths_entry_try_elsewhere_first, layout_gridville,
          serial_park_tiny_pond
Temple:   hc_temple_tempest_star
Lair:1:   layout_hall_layers, nicolae_quartered_pool_little,
          infiniplex_staircase_pool_2
Lair:2:   layout_loops_ring, dummy_snake_entry,
          gammafunk_ghost_wrathful_warriors, beast_lair_carwin_6,
          infiniplex_staircase_pool
Lair:3:   layout_regular_city, lemuel_fruit_tree, grunt_megastairs_1
Lair:4:   layout_gridlike, swamp_mist, serial_forest,
          infiniplex_forest_straight_2, infiniplex_forest_clump_small,
          infiniplex_forest_corner_1, infiniplex_forest_end_2,
          infiniplex_forest_straight_1, infiniplex_forest_clump_long,
          infiniplex_forest_straight_4, infiniplex_forest_3_way,
          infiniplex_forest_end_double, infiniplex_forest_clump_curved,
          eino_house_with_fridge
Lair:5:   layout_hall_layers, slime_altar_1
Lair:6:   minmay_lair_end_enchanted_forest, layout_cave_shapes
Swamp:1:  layout_falls_marsh, evilmike_swamp_ruin_rubble_2, uniq_jorgrun
Swamp:2:  layout_basic_swamp, evilmike_swamp_ruin_house_2, swamp_pool1
Swamp:3:  nicolae_swamp_ascending_descending, layout_basic_swamp,
          hangedman_swamp_lotus, swamp_pool4, nicolae_swamp_frolicking_bunyips
Swamp:4:  swamp_old_school, layout_basic_swamp
Snake:1:  layout_concentric_octagons, drop_trap, nrook_guardian_serpent_double,
          minmay_shop_star, grunt_megastairs_2, uniq_aizul, uniq_kirke,
          uniq_asterion, uniq_agnes
Snake:2:  layout_onion, basic_altar, special_room,
          portal_ice_cave_entry_ice_statue_two, drop_trap,
          nicolae_snake_round_shape_thing
Snake:3:  layout_grid_maze, gammafunk_ghost_berserking_beasts,
          nicolae_coiled_stairwell_up
Snake:4:  snake_pit_salamanders_mu, layout_layer_cave, serial_shops,
          shop_scrolls, minmay_shoptagon
Orc:1:    layout_diamond_mine, minmay_shop_mass
Orc:2:    st_orc_town, layout_caves, ebering_ghost_rock_garden
Elf:1:    layout_geoelf_octagon, portal_desolation_entry_garden,
          hangedman_elven_crosses_minicolossus
Elf:2:    layout_rooms
Elf:3:    grunt_elf_hall_diamonds, layout_geoelf_castle, serial_shops,
          nicolae_shop_statue_plus, hangedman_elf_targetted_burst
Vaults:1: nicolae_vaults_network_square, v_rooms_2, nicolae_vaults_theta,
          vaults_room_corners, layout_vaults_omnigrid, uniq_donald
Vaults:2: ontoclasm_vaults_bender, ontoclasm_vaults_pinch, v_misc_4,
          ontoclasm_vaults_hangar, hangedman_vaults_stream,
          vaults_standard_mumra_lines, hangedman_vaults_slice,
          nicolae_vaults_windows_and_doors_thing, v_misc_8,
          grunt_vaults_hallway_short, v_alt_pattern_2, v_misc_13,
          layout_vaults_omnibox, serial_shops, shop
Vaults:3: ontoclasm_vaults_eye, v_misc_24, v_misc_8,
          nicolae_vaults_circle_grid_b, minmay_crypt_entry_simple_round,
          grunt_vaults_hallway_long, nicolae_vaults_hallways_thing,
          nicolae_vaults_little_squares_4, grunt_vaults_funnel,
          vaults_dpeg_hooks, nicolae_vaults_asterisk, ontoclasm_vaults_twist,
          ontoclasm_vaults_idyll, nicolae_vaults_little_squares_3,
          ontoclasm_vaults_loading_screen, vaults_standard_mumra_x,
          dpeg_vaults_monster_box, layout_vaults_ring
Vaults:4: ontoclasm_vaults_fault, v_misc_11, v_misc_3, vaults_room_octagon,
          v_misc_19, grunt_vaults_swirl, v_rooms_4, vaults_room_corners,
          v_misc_27, hangedman_vaults_stretched_pinwheel,
          nicolae_vaults_asterisk, vaults_room_hallway, layout_vaults_big_room,
          serial_shops, shop_coins
Vaults:5
Depths:1: layout_honeycomb, enter_ziggurat_d, hell_entry,
          grunt_dithmenos_smoke_and_mirrors, nrook_pool_corridor,
          hangedman_decor_diamond_cutter, grunt_ministairs_8, vehumet_statue,
          serial_bayou_shore_b
Depths:2: minmay_bubble_buster, layout_gridlike, minmay_misc_feat_four_crosses,
          hell_entry, pan_entry, firewood_loft, infiniplex_staircase_pillars_2
Depths:3: grunt_twisty_corner, layout_cave_pools, serial_shops,
          nicolae_shop_stone, xom_redecorated, hell_entry,
          rand_demon_pan_entry_7, tgw_sif, infiniplex_staircase_split_hallway
Depths:4: angbandy_vault, layout_honeycomb, serial_bayou_pond_d,
          minmay_room_of_horrors, hell_entry, minmay_shop_enchanted_jewellery,
          nicolae_elyvilon_temple_path, minmay_shop_grove,
          minmay_staircase_bubble, uniq_saint_roka
Depths:5: evilmike_zot_entry_diamond, layout_gridlike, hex_tiny, serial_shops,
          bzr_entry_road, rand_demon_pan_entry_9, hangedman_coc_ice_floe,
          uniq_sojobo, uniq_margery, uniq_frederick
Zot:1:    kennysheep_room_grid, layout_gridlike
Zot:2:    layout_onion_interference, zot_minivault_1
Zot:3:    layout_basic
Zot:4:    layout_twisted_circle, grunt_megastairs_5
Zot:5:    layout_gridlike, st_stairs_3, grunt_ministairs_15

Skill      XL: |  1  2  3  4  5  6  7  8  9 10 11 12 13 14 15 16 17 18 19 20 21 22 23 24 25 26 27 |
---------------+----------------------------------------------------------------------------------+-----
Spellcasting   | 3 5 6 7 9 10 11 12 13 14 15 17 18 19 20 21 22 25 | 25.4
Shields        | 2 3 4 5 6 8 10 12 13 14 15 | 15.0
Fighting       | 1 4 5 6 7 9 10 11 12 14 | 14.9
Armour         | 2 3 4 5 6 |  6.7
Maces & Flails | 1 5 6 8 9 11 12 13 14 15 16 | 16.0
Evocations     | 2 3 4 6 7 9 |  9.0
Ice Magic      | 6 7 8 9 10 11 12 14 15 16 18 19 20 21 23 | 23.3
Conjurations   | 3 5 6 |  6.9
Hexes          | 1 2 3 5 7 |  7.2
Translocations | 1 |  1.6
Air Magic      | 1 5 6 |  6.0
Dodging        | 2 3 4 5 6 7 |  7.9
Stealth        | 4 5 8 11 13 15 | 15.8
Summonings     | 1 5 6 |  6.6
Necromancy     | 3 10 | 10.0

Action                   |  1- 3 |  4- 6 |  7- 9 | 10-12 | 13-15 | 16-18 | 19-21 | 22-24 | 25-27 || total
-------------------------+-------+-------+-------+-------+-------+-------+-------+-------+-------++-------
Melee: Unarmed           |     3 |       |       |       |       |       |       |       |       ||     3
       Spear             |    21 |    53 |       |       |       |       |       |       |       ||    74
       Morningstar       |       |    41 |   200 |   380 |   802 |  1125 |   714 |   714 |   540 ||  4516
       Constrict         |       |       |       |       |   160 |   194 |   152 |    95 |   125 ||   726
       Eveningstar       |       |       |       |       |       |       |       |       |   532 ||   532
 Cast: Freeze            |    11 |    12 |     5 |     7 |       |       |       |       |       ||    35
       Frozen Ramparts   |     7 |     8 |    20 |    42 |    50 |    40 |    10 |     4 |    10 ||   191
       Ozocubu's Armour  |       |     3 |    14 |    24 |    31 |    26 |     7 |     5 |     5 ||   115
       Hailstorm         |       |       |       |       |    39 |    25 |     6 |     2 |       ||    72
       Metabolic Englaci |       |       |       |       |    16 |    18 |     3 |     1 |     3 ||    41
       Dazzling Flash    |       |       |       |       |    22 |     7 |       |       |       ||    29
       Iskenderun's Myst |       |       |       |       |    14 |    14 |     2 |     8 |     1 ||    39
       Airstrike         |       |       |       |       |     1 |       |       |       |       ||     1
       Ozocubu's Refrige |       |       |       |       |       |    64 |   180 |   117 |   111 ||   472
       Freezing Cloud    |       |       |       |       |       |       |     1 |       |     4 ||     5
       Absolute Zero     |       |       |       |       |       |       |       |    34 |   161 ||   195
       Summon Mana Viper |       |       |       |       |       |       |       |     7 |       ||     7
       Spellforged Servi |       |       |       |       |       |       |       |       |     3 ||     3
       Sublimation of Bl |       |       |       |       |       |       |       |       |    41 ||    41
Invok: Call Merchant     |       |       |       |     1 |     1 |     2 |       |       |     1 ||     5
       Bribe Branch      |       |       |       |       |       |       |       |       |     2 ||     2
 Abil: Spit Poison       |    27 |    38 |    29 |    54 |    48 |    64 |    11 |     5 |     9 ||   285
Evoke: Wand              |       |       |       |    15 |     2 |     6 |     1 |       |       ||    24
       Phantom mirror    |       |       |       |       |       |     1 |       |       |       ||     1
  Use: Scroll            |     3 |     2 |     9 |    12 |    12 |    12 |     6 |     5 |     5 ||    66
       Potion            |       |       |       |     6 |     4 |     7 |     7 |     5 |     3 ||    32
 Stab: Sleeping          |     3 |     5 |       |     1 |     1 |     3 |     5 |     5 |    20 ||    43
       Invisible         |       |       |       |     2 |     2 |     1 |       |       |       ||     5
       Distracted        |       |       |       |       |     6 |     6 |    10 |     9 |    18 ||    49
       Petrifying        |       |       |       |       |     1 |       |       |       |       ||     1
Armor: Robe              |    10 |    25 |     6 |       |       |       |       |       |       ||    41
       Ring mail         |       |       |   214 |   376 |   480 |   621 |   190 |   163 |   357 ||  2401
Dodge: Dodged            |    10 |    38 |    87 |   188 |   177 |   259 |   125 |   107 |   227 ||  1218
Block: Tower shield      |       |    13 |    27 |   488 |   907 |  1153 |   660 |   586 |  1048 ||  4882

Table legend: (Time is in decaauts)
 A = Elapsed time spent in this place.
 B = Non-inter-level travel time spent in this place.
 C = Inter-level travel time spent in this place.
 D = Time resting spent in this place.
 E = Time spent auto-exploring this place.
 F = Levels seen in this place.
 G = Mean time per level.
                   A        B        C        D        E       F      G
               +--------+--------+--------+--------+--------+-----+--------+
         Total | 100840 |  94693 |   6147 |  15522 |  53314 |  53 | 1902.6 |
       Dungeon |  28035 |  25529 |   2506 |   5391 |  14002 |  15 | 1869.0 |
        Temple |    332 |    287 |     45 |      0 |      0 |   1 |  332.0 |
          Lair |  10103 |   9332 |    771 |   1216 |   5871 |   6 | 1683.8 |
         Swamp |   7862 |   7389 |    473 |   2194 |   2993 |   4 | 1965.5 |
     Snake Pit |   9068 |   8859 |    209 |   1719 |   4965 |   4 | 2267.0 |
  Orcish Mines |   2784 |   2431 |    353 |     34 |   1427 |   2 | 1392.0 |
   Elven Halls |   5801 |   5594 |    207 |    598 |   3048 |   3 | 1933.7 |
        Vaults |  12625 |  12152 |    473 |   1045 |   7880 |   5 | 2525.0 |
        Depths |  11204 |  10552 |    652 |    953 |   6872 |   5 | 2240.8 |
           Zot |   9509 |   9055 |    454 |   1457 |   5409 |   5 | 1901.8 |
        Bazaar |    252 |    252 |      0 |      0 |     94 |   1 |  252.0 |
      Ice Cave |   1543 |   1543 |      0 |    889 |      0 |   1 | 1543.0 |
    Desolation |   1718 |   1718 |      0 |     24 |    748 |   1 | 1718.0 |
               +--------+--------+--------+--------+--------+-----+--------+

Top non-repeatable levels by time:
    D:14: 3639 daAuts
 Snake:4: 2990 daAuts
Vaults:4: 2886 daAuts
Vaults:1: 2758 daAuts
Depths:4: 2753 daAuts
Vaults:5: 2591 daAuts
 Swamp:3: 2585 daAuts
  Lair:5: 2548 daAuts
    D:15: 2485 daAuts
Depths:3: 2451 daAuts
   Elf:3: 2443 daAuts
  Lair:4: 2327 daAuts
 Snake:1: 2324 daAuts
 Snake:3: 2297 daAuts
   Zot:2: 2290 daAuts
